[Event "Titled Tuesday Blitz March 08 Early 2022"]
[White "Yandarbiev, Ruslan"]
[Black "Nasuta, Grzegorz"]
[WhiteFideId "4115023"]
[BlackFideId "1141686"]
[WhiteElo "2102"]
[BlackElo "2396"]
[Result "0-1"]
[Round "02"]
[TimeControl "180+1"]
[Date "2022.03.09"]
[WhiteClock "0:00:07"]
[BlackClock "0:01:08"]

1. e4 c5 2. Nf3 e6 3. Nc3 a6 4. d4 cxd4 5. Nxd4 d6 6. Be2 b5 7. Bf3 Bb7 8. e5 Bxf3 9. Qxf3 d5 10. O-O Ne7 11. Bg5 Qc7 12. Ndxb5 axb5 13. Nxb5 Qc5 14. Nd6+ Kd7 15. Nxf7 Rg8 16. Be3 Qb4 17. Nd6 Nbc6 18. Qg3 Nxe5 19. Qxe5 Nc6 20. Qh5 Bxd6 21. a3 Qe4 22. c4 Qxc4 23. Rac1 Qe4 24. Rfe1 Qf5 25. Qe2 Rgc8 26. Qb5 Rab8 27. Qa4 Rxb2 28. Rb1 Rxb1 29. Rxb1 Qxb1+ 0-1


[Site "https://www.chess.com"]

[Event "Titled Tuesday Blitz March 08 Early 2022"]
[White "Yang, Kaiqi"]
[Black "Vogel, Roven"]
[WhiteFideId "8604398"]
[BlackFideId "12908088"]
[WhiteElo "2373"]
[BlackElo "2516"]
[Result "0-1"]
[Round "02"]
[TimeControl "180+1"]
[Date "2022.03.09"]
[WhiteClock "0:00:16"]
[BlackClock "0:01:35"]

1. c4 c6 2. d4 d5 3. Nc3 Nf6 4. cxd5 cxd5 5. Bf4 Nc6 6. e3 a6 7. Bd3 Bg4 8. f3 Bh5 9. Nge2 e6 10. Bg3 Bg6 11. Nf4 Bd6 12. Nxg6 hxg6 13. Bxd6 Qxd6 14. f4 O-O 15. g4 Nxd4 16. exd4 Qxf4 17. Qd2 Qxg4 18. Be2 Qh4+ 19. Kd1 Rac8 20. Bf3 b5 21. Rc1 Rc4 22. Ne2 Ne4 23. Bxe4 Qxe4 24. Re1 Rfc8 25. Rxc4 bxc4 26. Nc3 Qf3+ 27. Kc1 Rb8 28. h4 Qg3 29. Rh1 Qf3 30. Rg1 Qh3 31. Qf2 Rb7 32. Qf4 Qd3 33. h5 gxh5 34. Qg5 g6 35. Qxh5 Qe3+ 36. Kc2 Qxg1 37. Qh4 0-1


[Site "https://www.chess.com"]

[Event "Titled Tuesday Blitz March 08 Early 2022"]
[White "Yuan, Qingyu"]
[Black "Jacobson, Aaron"]
[WhiteFideId "8609772"]
[BlackFideId "2089912"]
[WhiteElo "2359"]
[BlackElo "2265"]
[Result "1/2-1/2"]
[Round "02"]
[TimeControl "180+1"]
[Date "2022.03.09"]
[WhiteClock "0:00:05"]
[BlackClock "0:00:08"]

1. e4 d5 2. exd5 Nf6 3. Nf3 Bg4 4. h3 Bxf3 5. Qxf3 Qxd5 6. Qxd5 Nxd5 7. d4 Nb4 8. Na3 e6 9. c3 Nd5 10. Nc4 c5 11. Ne5 cxd4 12. Bb5+ Ke7 13. cxd4 f6 14. Nf3 Kf7 15. O-O a6 16. Ba4 Bd6 17. Bd2 b5 18. Bb3 Nd7 19. Rfe1 Rhc8 20. Re2 N7b6 21. Rae1 Re8 22. Rc1 Rac8 23. Ree1 Nc4 24. Bxc4 bxc4 25. Rc2 Rc6 26. Rec1 Rec8 27. g3 Bb4 28. a3 c3 29. bxc3 Bxa3 30. Ra1 Be7 31. Kg2 Nxc3 32. Rac1 Bb4 33. Ng1 Ba3 34. Ra1 Nb5 35. Rca2 Be7 36. Nf3 Rd8 37. Be3 Ra8 38. Rb1 Nc7 39. Rb7 Nd5 40. Bd2 a5 41. Rxa5 Rxa5 42. Bxa5 Rc2 43. Bd8 Ne3+ 44. Kg1 Rc1+ 45. Kh2 Nd5 46. g4 Rc3 47. Kg2 Nf4+ 48. Kg3 Nd5 49. Kg2 h6 50. Bxe7 Nxe7 51. Nd2 Rd3 52. Nf3 Kf8 53. Rb8+ Kf7 54. Rb7 Kf8 55. Rb8+ Kf7 56. Rb7 1/2-1/2


[Site "https://www.chess.com"]

[Event "Titled Tuesday Blitz March 08 Early 2022"]
[White "Zaksaite, Salomeja"]
[Black "Manukian, Artak"]
[WhiteFideId "12801496"]
[BlackFideId "13301373"]
[WhiteElo "1953"]
[BlackElo "2510"]
[Result "0-1"]
[Round "02"]
[TimeControl "180+1"]
[Date "2022.03.09"]
[WhiteClock "0:00:02"]
[BlackClock "0:00:09"]

1. e4 c6 2. Nc3 d5 3. Nf3 dxe4 4. Nxe4 Nf6 5. Nxf6+ exf6 6. Bc4 Bd6 7. Qe2+ Kf8 8. O-O g6 9. d3 Kg7 10. Be3 Nd7 11. Qd2 h5 12. a4 Ne5 13. Nxe5 fxe5 14. f4 f5 15. Rae1 Re8 16. fxe5 Bxe5 17. Bh6+ Kh7 18. Bf7 Bd4+ 19. Kh1 Rxe1 20. Rxe1 Qf6 21. Bg5 Qxf7 22. Re7 Be6 23. Rxf7+ Bxf7 24. Qb4 Re8 25. h3 c5 26. Qxb7 Kg8 27. Bd2 h4 28. c3 Bf6 29. Qxa7 Re2 30. Qb8+ Kg7 31. Qf4 g5 32. Qxf5 Rxd2 33. Qxc5 Rxd3 34. a5 Rd5 35. Qe3 Be5 36. a6 Rd1+ 37. Qg1 Rxg1+ 38. Kxg1 Bb8 39. b4 Bc4 40. Kf2 Bxa6 41. Ke3 Kf6 42. Kd4 Bb7 43. c4 Bxg2 44. c5 Bxh3 45. b5 Ke6 46. b6 Bg2 47. Ke3 h3 48. Kf2 Bc6 0-1


[Site "https://www.chess.com"]

[Event "Titled Tuesday Blitz March 08 Early 2022"]
[White "Zhu, Jiner"]
[Black "Taboas Rodriguez, Daniel"]
[WhiteFideId "8608059"]
[BlackFideId "2208466"]
[WhiteElo "2281"]
[BlackElo "2429"]
[Result "0-1"]
[Round "02"]
[TimeControl "180+1"]
[Date "2022.03.08"]
[WhiteClock "0:00:07"]
[BlackClock "0:01:20"]

1. e4 e6 2. d4 d5 3. Nc3 Nc6 4. Nf3 Nf6 5. exd5 exd5 6. Bb5 Bd7 7. O-O Be7 8. Re1 O-O 9. a3 Re8 10. h3 h6 11. Ne2 a6 12. Bd3 Bd6 13. c3 Ne7 14. Bf4 Bf5 15. Bxf5 Nxf5 16. Bxd6 Qxd6 17. Qd3 Ne4 18. Nd2 Re7 19. Nf1 Rae8 20. Rad1 Qf6 21. Nf4 c6 22. Nh5 Qg5 23. Nhg3 Nh4 24. Qb1 f5 25. Ne3 Nxg3 26. fxg3 Qxg3 0-1


[Site "https://www.chess.com"]

[Event "Titled Tuesday Blitz March 08 Early 2022"]
[White "Zierk, Steven"]
[Black "Vlassov, Nikolai"]
[WhiteFideId "2034255"]
[BlackFideId "4103360"]
[WhiteElo "2494"]
[BlackElo "2407"]
[Result "1-0"]
[Round "02"]
[TimeControl "180+1"]
[Date "2022.03.08"]
[WhiteClock "0:00:03"]
[BlackClock "0:00:04"]

1. e4 Nc6 2. d4 d5 3. Nc3 Nf6 4. e5 Nd7 5. Nxd5 Ndb8 6. Ne3 Qxd4 7. Qxd4 Nxd4 8. f4 c6 9. Bd3 g6 10. Ne2 Nxe2 11. Kxe2 Bg7 12. h4 h5 13. b4 a5 14. b5 cxb5 15. Bxb5+ Bd7 16. c4 Nc6 17. Nd5 O-O 18. Kf2 f6 19. exf6 exf6 20. Ba3 Rf7 21. Nb6 Re8 22. Nxd7 Rxd7 23. Rad1 Red8 24. Rd5 Bf8 25. Bb2 Kf7 26. Rhd1 Bc5+ 27. Kg3 Rxd5 28. cxd5 Nb4 29. Bc4 Bd6 30. a3 Rc8 31. Rc1 Na6 32. Kf3 Nc5 33. Bb5 Rc7 34. Re1 Re7 35. Rxe7+ Kxe7 36. g4 f5 37. g5 Ne4 38. a4 b6 39. Bd4 Bc5 40. Ke3 Kd6 41. Be8 Kxd5 42. Bf7+ Kd6 43. Bxg6 Nc3 44. Bxh5 Nd5+ 45. Kf3 Bxd4 46. Bg6 Ne7 47. Bf7 b5 48. axb5 a4 49. h5 a3 50. h6 Nc8 51. g6 Ke7 52. Ba2 Kf8 53. Ke2 Bb2 54. Kd3 Bc1 55. g7+ Ke7 56. g8=Q Nd6 57. Qe6+ 1-0


[Site "https://www.chess.com"]

[Event "Titled Tuesday Blitz March 08 Early 2022"]
[White "parintele_chess"]
[Black "Batsiashvili, Nino"]
[BlackFideId "13602993"]
[WhiteElo "2199"]
[BlackElo "2192"]
[Result "1-0"]
[Round "02"]
[TimeControl "180+1"]
[Date "2022.03.09"]
[WhiteClock "0:00:03"]
[BlackClock "0:00:01"]

1. d4 d5 2. Bf4 c5 3. e3 Nc6 4. c3 Qb6 5. Qb3 c4 6. Qc2 Bf5 7. Qc1 e6 8. Nf3 h6 9. Nbd2 g5 10. Bg3 f6 11. Be2 h5 12. h3 h4 13. Bh2 Qd8 14. Bd1 b5 15. Bc2 Nh6 16. e4 dxe4 17. Bxe4 Rc8 18. O-O Bd6 19. Bxf5 Nxf5 20. Ne4 Bxh2+ 21. Nxh2 Kf7 22. Ng4 Kg6 23. Nexf6 Rf8 24. Ne4 Nh6 25. Nxh6 Kxh6 26. Nc5 Rf6 27. f4 Rg6 28. fxg5+ Qxg5 29. Qxg5+ Kxg5 30. Rae1 Nd8 31. Re5+ Kh6 32. Rf4 Kg7 33. Rxh4 Rc6 34. Rhe4 a5 35. a3 b4 36. axb4 axb4 37. Re1 bxc3 38. bxc3 Rb6 39. d5 exd5 40. Rxd5 Nf7 41. Rd2 Ng5 42. Kh2 Rbc6 43. Ne4 Rb6 44. Nxg5 Rxg5 45. Re7+ Kf6 46. Rc7 Rb1 47. Rxc4 Re5 48. Rf4+ Kg5 49. Rg4+ Kf6 50. Rf2+ Ke6 51. Kg3 Re3+ 52. Rf3 Re2 53. Rff4 Kd6 54. Rd4+ Kc5 55. Rc4+ Kd5 56. Rgd4+ Ke5 57. Rc5+ Ke6 58. Rf4 Rbb2 59. Kg4 Rxg2+ 60. Kh5 Rg3 61. h4 Rc2 62. Re4+ Kd6 63. Rg5 Rcxc3 64. Rxg3 Rxg3 65. Rf4 Ke6 66. Kh6 Ke7 67. h5 Rg1 68. Kh7 Rg2 69. h6 Rg1 70. Kh8 Rg2 71. h7 Rg1 72. Rf5 Rg2 73. Rf4 Rg1 74. Ra4 Kf7 75. Ra7+ Kf8 76. Ra8+ Kf7 77. Rg8 Rh1 78. Rg2 Ra1 79. Rf2+ Kg6 80. Rg2+ Kf7 81. Rf2+ Ke7 82. Kg8 Rg1+ 83. Kh8 Rg3 84. Re2+ Kf7 85. Re4 Rg2 86. Rf4+ Ke7 87. Rf3 Rg1 88. Ra3 Kf7 89. Ra7+ Kf8 90. Ra8+ Kf7 91. Rg8 Rd1 92. Rg4 Rd8+ 93. Rg8 1-0


[Site "https://www.chess.com"]

[Event "Titled Tuesday Blitz March 08 Early 2022"]
[White "Abarca Gonzalez, Nicolas"]
[Black "Shuvalov, Evgenij"]
[WhiteFideId "3409422"]
[BlackFideId "4187237"]
[WhiteElo "2504"]
[BlackElo "2151"]
[Result "1-0"]
[Round "03"]
[TimeControl "180+1"]
[Date "2022.03.09"]
[WhiteClock "0:00:17"]
[BlackClock "0:00:16"]

1. e4 e6 2. d4 d5 3. exd5 exd5 4. c4 Nf6 5. Nc3 Be7 6. Nf3 Nc6 7. cxd5 Nxd5 8. Bd3 Bg4 9. Be4 Nf6 10. Bxc6+ bxc6 11. h3 Bxf3 12. Qxf3 O-O 13. Qxc6 Qxd4 14. O-O Bd6 15. Nb5 Qe5 16. Nxd6 Qxd6 17. Qf3 Nd5 18. b3 Qf6 19. Ba3 Qxf3 20. gxf3 Rfc8 21. Rac1 c6 22. Rc5 Nf4 23. Kh2 a5 24. Rd1 Ne6 25. Rc4 g6 26. Rd6 c5 27. f4 Rd8 28. Rxd8+ Rxd8 29. Bxc5 Rd2 30. a3 Rb2 31. b4 a4 32. Be3 Rb3 33. b5 Rxb5 34. Rxa4 Kg7 35. Rb4 Rd5 36. a4 Rd3 37. a5 Ra3 38. Rb5 Kf6 39. Kg3 Nd4 40. Rb6+ Kf5 41. a6 Nc2 42. Kf3 Nd4+ 43. Kg2 Ne6 44. a7 Nxf4+ 45. Bxf4 Kxf4 46. Rf6+ Kg5 47. Rxf7 h5 48. Kh2 Ra2 49. Kg3 Ra3+ 50. Kg2 Ra2 51. Rb7 Ra3 52. Rb5+ Kh6 53. Rb7 Ra2 54. h4 Ra4 55. Kf3 Ra3+ 56. Ke4 Ra4+ 57. Kd5 Ra2 58. Kd6 Rd2+ 59. Kc7 Rc2+ 60. Kb8 Rxf2 61. a8=Q Rf8+ 62. Ka7 Rxa8+ 63. Kxa8 g5 64. Rb6+ Kg7 65. hxg5 h4 66. Rh6 h3 67. Rxh3 Kg6 68. Rg3 1-0


[Site "https://www.chess.com"]

[Event "Titled Tuesday Blitz March 08 Early 2022"]
[White "Agasarov, Benik"]
[Black "Albertini, Luca"]
[WhiteFideId "13314823"]
[BlackFideId "847038"]
[WhiteElo "2561"]
[BlackElo "2207"]
[Result "1-0"]
[Round "03"]
[TimeControl "180+1"]
[Date "2022.03.09"]
[WhiteClock "0:00:17"]
[BlackClock "0:00:08"]

1. e4 e5 2. Nf3 Nc6 3. Bb5 a6 4. Bxc6 dxc6 5. O-O f6 6. d4 exd4 7. Nxd4 c5 8. Nb3 Qxd1 9. Rxd1 Bd7 10. Nc3 O-O-O 11. Be3 b6 12. f3 Bd6 13. a4 a5 14. Nb5 Bc6 15. Nxd6+ cxd6 16. Nd2 d5 17. exd5 Bxd5 18. b4 axb4 19. a5 Kb7 20. axb6 Kxb6 21. Ne4 Nh6 22. Nxc5 Kb5 23. Rab1 Nf5 24. Bf2 Bc4 25. Ne4 b3 26. Rdc1 Nd4 27. cxb3 Ne2+ 28. Kh1 Nxc1 29. bxc4+ Kxc4 30. Rxc1+ Kd3 31. Rc3+ Ke2 32. Re3+ Kd1 33. Re1+ Kc2 34. h4 Rd1 35. Rxd1 Kxd1 36. g4 Ke2 37. Kg2 Rf8 38. Ng3+ Kd3 39. h5 Rf7 40. f4 Kc4 41. Nf5 Kd5 42. Kf3 Ke6 43. Nd4+ Kd5 44. Ne2 Rb7 45. f5 Kd6 46. Nf4 Ke7 47. Ne6 Kf7 48. Nd8+ Kg8 49. Nxb7 g6 50. hxg6 hxg6 51. fxg6 Kg7 52. Kf4 Kxg6 53. Nd6 Kg7 54. Bd4 1-0


[Site "https://www.chess.com"]

[Event "Titled Tuesday Blitz March 08 Early 2022"]
[White "Aggelis, Nikolaos"]
[Black "Vasquez Schroeder, Rodrigo"]
[WhiteFideId "4213220"]
[BlackFideId "3400042"]
[WhiteElo "2154"]
[BlackElo "2561"]
[Result "0-1"]
[Round "03"]
[TimeControl "180+1"]
[Date "2022.03.09"]
[WhiteClock "0:00:31"]
[BlackClock "0:01:32"]

1. d4 Nf6 2. g3 d5 3. Nf3 g6 4. Bg2 Bg7 5. O-O O-O 6. c4 dxc4 7. Na3 Be6 8. Qc2 Nc6 9. Nxc4 Nxd4 10. Nxd4 Qxd4 11. Na5 c6 12. Be3 Qb4 13. Bd2 Qb6 14. Nc4 Bxc4 15. Qxc4 Rfd8 16. Be3 Qc7 17. b4 Nd5 18. Bd4 Nb6 19. Bxb6 axb6 20. Rad1 b5 21. Rxd8+ Rxd8 22. Qc2 Qd6 23. a3 Qd2 24. Qxd2 Rxd2 25. e3 Bb2 26. Bh3 e6 27. Rb1 Bxa3 28. Rb3 Bb2 29. Kf1 Be5 30. Ke1 Rc2 31. Bg4 Kf8 32. Bd1 Ra2 33. f4 Bf6 34. Be2 Ke7 35. e4 Bd4 36. Rd3 e5 37. fxe5 Bxe5 38. Kd1 Rb2 39. Bg4 Rxb4 40. Rd7+ Kf6 41. Rxb7 h5 42. Bd7 Rc4 43. Ke2 Rxe4+ 44. Kf3 Rc4 45. Rb6 Ke7 46. Bxc6 Bc7 47. Ra6 b4 48. Bd5 Rc3+ 49. Ke2 b3 50. Rc6 Rxc6 51. Bxc6 Be5 52. Kf3 f5 53. h3 b2 0-1


[Site "https://www.chess.com"]

[Event "Titled Tuesday Blitz March 08 Early 2022"]
[White "Aitbayev, Aslan"]
[Black "Le, Tuan Minh"]
[WhiteFideId "13704613"]
[BlackFideId "12401153"]
[WhiteElo "2385"]
[BlackElo "2450"]
[Result "0-1"]
[Round "03"]
[TimeControl "180+1"]
[Date "2022.03.08"]
[WhiteClock "0:00:03"]
[BlackClock "0:00:04"]

1. e4 c5 2. Nf3 Nf6 3. e5 Nd5 4. Nc3 e6 5. g3 Nc6 6. Bg2 g6 7. O-O Bg7 8. Re1 O-O 9. d3 Nxc3 10. bxc3 d6 11. Bf4 dxe5 12. Nxe5 Ne7 13. Rb1 Nd5 14. Bd2 Qc7 15. Qe2 Rb8 16. Bxd5 exd5 17. Bf4 g5 18. Bxg5 f6 19. Ng6 fxg5 20. Nxf8 Bxf8 21. Qh5 Qg7 22. d4 Bf5 23. Re5 Bg6 24. Qxg5 cxd4 25. cxd4 Bd6 26. Rxd5 Be7 27. Qe5 Qxe5 28. Rxe5 Bf8 29. Rb2 b6 30. c3 Rc8 31. Re3 Ba3 32. Rbe2 Bc1 33. Re7 Rxc3 34. Rxa7 Rc8 35. f4 Rd8 36. Ree7 Bb2 37. Rg7+ Kh8 38. Rgd7 Bxd4+ 39. Kg2 Be4+ 40. Kf1 Bd3+ 41. Kg2 Be4+ 42. Kf1 Rxd7 43. Rxd7 Bc5 44. Ke2 Bf5 45. Ra7 h5 46. Kf3 Kg8 47. a4 Bg1 48. Kg2 Bd4 49. a5 bxa5 50. Rxa5 Bg6 51. f5 Bf7 52. Kf3 Kg7 53. h3 Bc3 54. Rc5 Bb4 55. Rb5 Bd6 56. g4 hxg4+ 57. hxg4 Kf6 58. Rb6 Ke5 59. Kg3 Bc5 60. Rb5 Kd6 61. Kf4 Ba3 62. Rb6+ Kc5 63. Rb7 Bd5 64. Rc7+ Kd6 65. Ra7 Bc1+ 66. Kg3 Ke5 67. Re7+ Kf6 68. Rd7 Ke5 69. Re7+ Kd6 70. Re1 Bb2 71. Kf4 Bc3 72. Re8 Bd2+ 73. Kg3 Ba5 74. g5 Kd7 75. Re2 Bc4 76. Re3 Bb6 0-1


[Site "https://www.chess.com"]

[Event "Titled Tuesday Blitz March 08 Early 2022"]
[White "Al Hosani, Omran"]
[Black "Baches Garcia, Guillermo"]
[WhiteFideId "9308733"]
[BlackFideId "2209764"]
[WhiteElo "2267"]
[BlackElo "2414"]
[Result "1/2-1/2"]
[Round "03"]
[TimeControl "180+1"]
[Date "2022.03.09"]
[WhiteClock "0:00:43"]
[BlackClock "0:00:16"]

1. d4 Nf6 2. c4 e6 3. Nc3 d5 4. cxd5 Nxd5 5. e4 Nxc3 6. bxc3 c5 7. Nf3 cxd4 8. cxd4 Bb4+ 9. Bd2 Bxd2+ 10. Qxd2 O-O 11. Be2 b6 12. O-O Bb7 13. Qe3 Nd7 14. Rfd1 Rc8 15. a4 Nf6 16. d5 exd5 17. e5 Ne4 18. a5 h6 19. Bf1 Rc3 20. Qd4 Qc7 21. Rab1 Rc5 22. axb6 axb6 23. Qb4 Nc3 24. Qxb6 Qxb6 25. Rxb6 Nxd1 26. Rxb7 Nc3 27. g3 Ne4 28. Bd3 Rc3 29. Bxe4 dxe4 30. Nd4 Rd8 31. Nf5 Rc5 32. Ne7+ Kf8 33. e6 e3 34. exf7 exf2+ 35. Kg2 Kxf7 36. Nc6+ Ke8 37. Nxd8 Kxd8 38. Rxg7 Rf5 39. Kf1 h5 40. Ra7 Ke8 41. Ra2 Ke7 42. Rxf2 Ra5 43. Kg2 Ke6 44. Kh3 Ra4 45. Re2+ Kf5 46. Re8 Kg6 47. Re5 Rb4 48. Re3 Ra4 49. Rf3 Rb4 50. Rf4 Rb2 51. Ra4 Rc2 52. Ra5 Rb2 53. Ra1 Rc2 54. Rg1 Rb2 55. Rg2 Rb4 56. Rd2 Rb3 57. Kg2 Ra3 58. h3 Rb3 59. Kf2 Ra3 60. Re2 h4 61. Re3 Rxe3 62. Kxe3 hxg3 63. Kf3 Kh5 64. Kxg3 Kg5 65. h4+ Kh5 66. Kh3 Kh6 67. Kg4 Kh7 68. h5 Kh8 69. Kh4 Kh7 70. Kg5 Kh8 71. h6 Kh7 72. Kh5 Kh8 73. Kg6 Kg8 74. h7+ Kh8 75. Kh6 1/2-1/2


[Site "https://www.chess.com"]

[Event "Titled Tuesday Blitz March 08 Early 2022"]
[White "Alavi, Sayed Javad"]
[Black "Erigaisi Arjun"]
[WhiteFideId "12500607"]
[BlackFideId "35009192"]
[WhiteElo "2475"]
[BlackElo "2745"]
[Result "0-1"]
[Round "03"]
[TimeControl "180+1"]
[Date "2022.03.08"]
[WhiteClock "0:00:02"]
[BlackClock "0:01:54"]

1. e4 e6 2. d4 d5 3. Nd2 Nf6 4. e5 Ne4 5. Bd3 Nxd2 6. Bxd2 c5 7. c3 Nc6 8. Nf3 Qb6 9. O-O c4 10. Bc2 Qxb2 11. Rc1 h6 12. a4 Qb6 13. h4 Bd7 14. h5 O-O-O 15. Rb1 Qc7 16. Re1 Be7 17. Bf4 Na5 18. Nd2 Bc6 19. Qg4 Rdg8 20. Bh2 Qd7 21. f4 Bxa4 22. Bxa4 Qxa4 23. Ra1 Qc2 24. Rxa5 Qxd2 25. Bg3 Qxc3 26. Rxd5 Rd8 27. Rxd8+ Rxd8 28. Qxg7 Qxd4+ 29. Kh2 c3 30. Qxf7 Qd7 31. f5 Bg5 32. fxe6 Qe7 33. Re2 Rd2 34. Re4 b5 35. Rf4 c2 36. Rf1 Rd1 37. Qf3 Rxf1 38. Qa8+ Kc7 39. Qxa7+ Kc6 40. Qa8+ Kc5 41. Qa3+ Kc4 42. Qa2+ Kc3 0-1


[Site "https://www.chess.com"]

[Event "Titled Tuesday Blitz March 08 Early 2022"]
[White "Al-Tarboush, Ward"]
[Black "Neiksans, Arturs"]
[WhiteFideId "7601450"]
[BlackFideId "11601388"]
[WhiteElo "2276"]
[BlackElo "2447"]
[Result "1-0"]
[Round "03"]
[TimeControl "180+1"]
[Date "2022.03.08"]
[WhiteClock "0:00:48"]
[BlackClock "0:00:21"]

1. e4 c5 2. Nf3 e6 3. d4 cxd4 4. Nxd4 a6 5. Bd3 Bc5 6. Nb3 Ba7 7. Nc3 Nc6 8. Qe2 Nge7 9. Be3 O-O 10. g4 b5 11. g5 Bb7 12. h4 Ne5 13. h5 b4 14. Na4 Nxd3+ 15. cxd3 Bc6 16. Bxa7 Rxa7 17. Qe3 Ra8 18. Nb6 Rb8 19. Nc4 d5 20. Ne5 dxe4 21. dxe4 Bb5 22. h6 g6 23. Rd1 Qc7 24. Qf4 f6 25. gxf6 Nc6 26. f7+ Rxf7 27. Qxf7+ Qxf7 28. Nxf7 Kxf7 29. Rd7+ Kf6 30. Rxh7 Ne5 31. Nd4 Bd3 32. f4 Bxe4 33. fxe5+ Kxe5 34. Rh4 Kxd4 35. Rg7 g5 36. Rxg5 Ke3 37. Re5 1-0


[Site "https://www.chess.com"]

[Event "Titled Tuesday Blitz March 08 Early 2022"]
[White "Antonio, Jorge Carlos"]
[Black "Kosakowski, Jakub"]
[WhiteFideId "113190"]
[BlackFideId "1185080"]
[WhiteElo "2247"]
[BlackElo "2476"]
[Result "0-1"]
[Round "03"]
[TimeControl "180+1"]
[Date "2022.03.09"]
[WhiteClock "0:01:28"]
[BlackClock "0:01:44"]

1. d4 d5 2. Nf3 Nf6 3. Bf4 c5 4. e3 Nc6 5. Bd3 e6 6. c3 Bd6 7. Ne5 Qc7 8. Bb5 O-O 9. Bxc6 bxc6 10. Nd2 Rb8 11. b3 Ba6 12. c4 cxd4 13. exd4 c5 14. O-O cxd4 15. Re1 Rfd8 16. Ndf3 dxc4 17. Rc1 Nd5 18. Qxd4 f6 19. Nd3 Nxf4 20. Nxf4 Bxf4 21. Qe4 Bxc1 22. Qxe6+ Kh8 23. Rxc1 Qd6 0-1


[Site "https://www.chess.com"]

[Event "Titled Tuesday Blitz March 08 Early 2022"]
[White "Artemenko, Oleg"]
[Black "Stepanencu, Nicodim-Cosmin"]
[WhiteFideId "14201798"]
[BlackFideId "1256220"]
[WhiteElo "2287"]
[BlackElo "1913"]
[Result "1-0"]
[Round "03"]
[TimeControl "180+1"]
[Date "2022.03.09"]
[WhiteClock "0:00:56"]
[BlackClock "0:00:01"]

1. d4 d5 2. Nc3 Nf6 3. Bf4 c5 4. e3 cxd4 5. exd4 a6 6. Nf3 Nc6 7. Ne5 Bd7 8. Be2 e6 9. O-O Qb6 10. Nxc6 Bxc6 11. Rb1 Bb4 12. a3 Bxc3 13. bxc3 Qa5 14. Rb3 Ne4 15. Bf3 O-O 16. Qe1 Bb5 17. c4 Qxe1 18. Rxe1 Bxc4 19. Rxb7 Rfc8 20. h4 h6 21. h5 Bb5 22. Bd1 Rc3 23. f3 Nf6 24. g4 Rxa3 25. Kf2 Rc8 26. Kg3 Ne4+ 27. Kg2 Nc3 28. Bc1 Ra1 29. Bb2 Rxd1 30. Bxc3 Rxe1 31. Bxe1 Rxc2+ 32. Kg3 Re2 33. Bb4 Re3 34. Rb8+ Kh7 35. Rb7 Rb3 36. Bd6 a5 37. Rxf7 Be2 38. Be5 Bxf3 39. Rxg7+ Kh8 40. Rb7+ 1-0


[Site "https://www.chess.com"]

[Event "Titled Tuesday Blitz March 08 Early 2022"]
[White "Atakhan, Abtin"]
[Black "Bettalli, Francesco"]
[WhiteFideId "22502203"]
[BlackFideId "2816453"]
[WhiteElo "2119"]
[BlackElo "2216"]
[Result "1-0"]
[Round "03"]
[TimeControl "180+1"]
[Date "2022.03.09"]
[WhiteClock "0:00:08"]
[BlackClock "0:00:29"]

1. d4 Nf6 2. c4 c5 3. d5 b5 4. cxb5 a6 5. bxa6 g6 6. Nc3 Bg7 7. e4 Qa5 8. Bd2 O-O 9. Nf3 Bxa6 10. Bxa6 Qxa6 11. Qe2 e6 12. Qxa6 Nxa6 13. O-O Rfb8 14. Rab1 Nb4 15. Bf4 Rb7 16. Bd6 Nxa2 17. dxe6 dxe6 18. e5 Nxc3 19. bxc3 Rxb1 20. Rxb1 Ne4 21. c4 Nc3 22. Rb8+ Rxb8 23. Bxb8 Bf8 24. Nd2 Ne2+ 25. Kf1 Nd4 26. Ne4 Be7 27. Bd6 Kf8 28. Nxc5 Nc6 29. Nd7+ Ke8 30. Nf6+ Bxf6 31. exf6 Kd7 32. c5 Nd4 33. f4 Nf5 34. Be5 Kc6 35. Kf2 Kxc5 36. g4 Nd4 37. Kg3 Nc6 38. Bb2 Kd5 39. Kh4 Ke4 40. Kg5 Nb4 41. Be5 h5 42. gxh5 gxh5 43. Kxh5 Nd3 44. Kg5 Nc5 45. h4 Nd7 46. h5 Kd5 47. Kh6 Nxe5 48. fxe5 Kxe5 49. Kg7 Kf5 50. h6 e5 51. h7 e4 52. h8=Q e3 53. Qh2 Ke4 54. Qe2 Kd4 55. Kxf7 Ke4 56. Ke6 Kf4 57. f7 Ke4 58. f8=Q Kd4 59. Qf4+ Kc5 60. Qec4+ Kb6 61. Qfc7# 1-0


[Site "https://www.chess.com"]

[Event "Titled Tuesday Blitz March 08 Early 2022"]
[White "Balaji, Aaravamudhan"]
[Black "Zaksaite, Salomeja"]
[WhiteFideId "436224"]
[BlackFideId "12801496"]
[WhiteElo "2085"]
[BlackElo "1953"]
[Result "1-0"]
[Round "03"]
[TimeControl "180+1"]
[Date "2022.03.09"]
[WhiteClock "0:01:27"]
[BlackClock "0:00:01"]

1. Nf3 Nf6 2. g3 g6 3. Bg2 Bg7 4. O-O d5 5. d3 O-O 6. Nbd2 b6 7. e4 dxe4 8. dxe4 Bb7 9. e5 Nd5 10. Re1 e6 11. a3 c5 12. c4 Ne7 13. Qc2 Nbc6 14. Nb3 a5 15. Bg5 a4 16. Nbd2 Qc7 17. Qc3 h6 18. Bf6 Nf5 19. Ne4 Ncd4 20. Bxg7 Kxg7 21. Nd6 Nxd6 22. Nxd4 cxd4 23. Qxd4 Nf5 24. Qc3 Bxg2 25. Kxg2 Rac8 26. Re4 Qc6 27. Re1 Rfd8 28. Kg1 Qc5 29. g4 Nd4 30. R1e3 Qxc4 31. Qe1 Qc5 32. Rc3 Qd5 33. Rd3 Rc4 34. Kf1 b5 35. Qe3 Qc6 36. Rexd4 Rc1+ 37. Ke2 Qc2+ 38. Rd2 Qb1 39. Rxd8 Rh1 40. Kf3 Qg1 41. Qf4 1-0


[Site "https://www.chess.com"]

[Event "Titled Tuesday Blitz March 08 Early 2022"]
[White "Balint, Vilmos"]
[Black "Shuvalova, Polina"]
[WhiteFideId "718050"]
[BlackFideId "24171760"]
[WhiteElo "2059"]
[BlackElo "2355"]
[Result "0-1"]
[Round "03"]
[TimeControl "180+1"]
[Date "2022.03.09"]
[WhiteClock "0:00:17"]
[BlackClock "0:00:13"]

1. e4 c5 2. c4 Nc6 3. Ne2 e5 4. Nbc3 d6 5. a3 g6 6. Rb1 Bg7 7. b4 Nf6 8. d3 O-O 9. g3 Nd7 10. Bg2 Re8 11. O-O Nf8 12. Nd5 Ne6 13. Be3 Rb8 14. f4 exf4 15. gxf4 Ned4 16. Ng3 Bd7 17. Qd2 b5 18. f5 bxc4 19. f6 Bh8 20. dxc4 Ne5 21. Ne7+ Rxe7 22. fxe7 Qxe7 23. Bxd4 cxd4 24. Rbc1 Ng4 25. Kh1 Bg7 26. Rfe1 Re8 27. Qa2 Qh4 28. Nf1 Nf2+ 29. Kg1 Nd3 30. Qe2 Nxc1 31. Rxc1 Bg4 32. Qd3 Qg5 33. Rc2 h5 34. c5 dxc5 35. bxc5 h4 36. h3 Bc8 37. c6 Be5 38. Kh1 Re7 39. Qb5 Kg7 40. Rf2 Be6 41. Qc5 Rc7 42. Nd2 Qg3 43. Nf1 Qg5 44. Nd2 Bf6 45. Nf3 Qxc5 46. e5 Bxe5 0-1


[Site "https://www.chess.com"]

[Event "Titled Tuesday Blitz March 08 Early 2022"]
[White "Bashirli, Saadat"]
[Black "Bures, Vit"]
[WhiteFideId "13429990"]
[BlackFideId "309052"]
[WhiteElo "1173"]
[BlackElo "2118"]
[Result "0-1"]
[Round "03"]
[TimeControl "180+1"]
[Date "2022.03.09"]
[WhiteClock "0:01:22"]
[BlackClock "0:01:41"]

1. d4 d5 2. Bg5 h6 3. Bf4 c5 4. Nf3 cxd4 5. Nxd4 Nc6 6. Nxc6 bxc6 7. c4 e6 8. Nc3 Nf6 9. e3 Bb4 10. Qa4 Bxc3+ 11. bxc3 O-O 12. Qxc6 Bd7 13. Qa6 Rc8 14. cxd5 Nxd5 15. Bd6 Qf6 16. Qa3 Rxc3 17. Qxa7 Rc2 18. Be2 Qxa1+ 19. Bd1 Qc3+ 20. Kf1 Bb5+ 21. Kg1 Qe1# 0-1


[Site "https://www.chess.com"]

[Event "Titled Tuesday Blitz March 08 Early 2022"]
[White "Begunov, Konstantin"]
[Black "Goltsev, Dmitry"]
[WhiteFideId "4118510"]
[BlackFideId "24176710"]
[WhiteElo "2262"]
[BlackElo "2273"]
[Result "1-0"]
[Round "03"]
[TimeControl "180+1"]
[Date "2022.03.09"]
[WhiteClock "0:00:10"]
[BlackClock "0:01:29"]

1. d4 Nf6 2. c4 e6 3. Nf3 Bb4+ 4. Nbd2 b6 5. a3 Bxd2+ 6. Bxd2 Bb7 7. Bg5 h6 8. Bh4 d6 9. e3 Nbd7 10. Be2 g5 11. Bg3 Ne4 12. O-O Nxg3 13. fxg3 a5 14. b4 Qe7 15. Nd2 O-O 16. Bd3 f5 17. g4 fxg4 18. Qxg4 Nf6 19. Qh3 Kg7 20. b5 e5 21. Qf5 e4 22. Be2 Nd5 23. Qh3 Nc3 24. Bg4 Rxf1+ 25. Rxf1 Rf8 26. g3 d5 27. Be6 Rxf1+ 28. Kxf1 Qxa3 29. Qf5 Qc1+ 30. Kg2 Qxd2+ 31. Kh3 g4+ 32. Qxg4+ Kh8 33. Qg8# 1-0


[Site "https://www.chess.com"]